Map: Eastwatch LE

Players

MiNatO

  • Race: Terran Terran
  • League: Master
  • Spawn Location: 7:00

KeilatKaatuu - Winner!

  • Race: Zerg Zerg
  • League: Master
  • Spawn Location: 1:00

VOD

Have the link to the VOD?

Description

Time

  • Played on: April 27, 2018, 9:49 a.m.
  • Length: 13:14
Show
View Real Time Build Order
Export as new Build Order

MiNatO Terran 

Build Orders: Liberator Opening, Reaper Expand, MMM Bio 

Get SALT Encoding   

  12  0:01  SCV  
  13  0:13  SCV  
  14  0:18  Supply Depot  
  14  0:25  SCV  
  15  0:36  Refinery  
  15  0:39  SCV  
  16  0:45  Barracks  
  16  0:52  SCV  
  17  1:04  SCV  
  18  1:19  SCV  
  19  1:33  Orbital Command, Reaper  
  20  1:44  Command Center  
  20  1:48  Refinery  
  20  2:00  Factory  
  20  2:03  SCV  
  21  2:12  Supply Depot  
  21  2:16  SCV  
  21  2:17  Barracks Reactor  
  22  2:28  SCV  
  23  2:40  SCV  
  24  2:45  Starport  
  24  2:52  SCV  
  25  2:59  SCV  
  25  3:01  Barracks Tech Lab  
  25  3:03  Hellion x2  
  25  3:04  SCV  
  31  3:13  SCV  
  32  3:27  SCV  
  33  3:29  Command Center  
  33  3:33  Orbital Command  
  33  3:38  Hellion  
  37  3:41  Hellion  
  37  3:48  Armory  
  37  3:52  Liberator  
  37  3:54  Supply Depot  
  37  4:04  SCV x2  
  37  4:07  Hellion  
  44  4:14  Hellion  
  44  4:16  SCV  
  47  4:21  Supply Depot  
  47  4:25  Barracks Tech Lab  
  47  4:27  SCV  
  48  4:36  Engineering Bay x2  
  48  4:41  SCV  
  48  4:45  Stimpack  
  49  4:48  Orbital Command  
  49  4:55  Barracks  
  49  5:00  Barracks  
  47  5:08  SCV  
  47  5:11  Terran Infantry Weapons Level 1, Terran Infantry Armor Level 1  
  47  5:12  Refinery, SCV  
  49  5:15  SCV  
  49  5:20  Supply Depot  
  43  5:24  SCV  
  40  5:30  Widow Mine x2  
  40  5:32  Starport Reactor  
  40  5:33  Refinery, SCV  
  40  5:35  Orbital Command  
  45  5:38  Marauder  
  44  5:45  Barracks  
  44  5:46  SCV x2  
  44  5:47  Barracks  
  46  5:57  Terran Vehicle And Ship Armor Level 1  
  46  5:58  SCV x2  
  48  6:06  SCV, Factory  
  48  6:10  SCV x2  
  51  6:13  Barracks Reactor  
  51  6:14  Siege Tank  
  51  6:16  Medivac  
  51  6:18  SCV, Medivac  
  57  6:22  SCV, Marine  
  57  6:23  SCV  
  62  6:30  SCV  
  62  6:35  SCV  
  62  6:39  SCV  
  64  6:41  Marine x4  
  64  6:42  SCV, Marine  
  64  6:45  Combat Shield  
  64  6:47  SCV  
  69  6:54  SCV  
  69  6:55  Marine x2  
  69  6:59  Marine  
  70  7:07  Marine  
  70  7:08  Marine  
  74  7:10  SCV x3  
  74  7:13  Marine x2  
  74  7:14  Factory Tech Lab  
  74  7:15  Supply Depot x2  
  79  7:17  Barracks Tech Lab, Marine  
  79  7:18  Barracks Reactor  
  79  7:19  Terran Infantry Armor Level 2, Terran Infantry Weapons Level 2  
  79  7:22  Siege Tank  
  81  7:25  SCV, Marine  
  81  7:29  Marine  
  84  7:31  Marine  
  84  7:36  Marine x3  
  88  7:43  Marine  
  89  7:44  Siege Tank  
  89  7:47  Marine  
  89  7:49  Marine  
  94  7:54  Refinery, Marine x4, Siege Tank  
  94  7:55  Supply Depot x2  
  101  8:07  Concussive Shells  
  101  8:08  Supply Depot  
  101  8:15  Refinery  
  101  8:16  Supply Depot, Marine x8  
  109  8:34  Marine x8  
  110  8:49  Liberator x2  
  110  8:52  Marine x4  
  110  8:55  Marine x2  
  116  9:03  Marine x2  
  116  9:05  Siege Tank x2  
  116  9:09  Starport  
  130  9:15  Marine  
  131  9:21  Marauder x2  
  131  9:23  Supply Depot  
  135  9:25  Supply Depot  
  133  9:31  Marine  
  133  9:32  Liberator x2  
  133  9:35  Marine  
  133  9:37  Supply Depot  
  133  9:38  Marine, Command Center  
  136  9:39  Marine  
  136  9:40  Marine  
  136  9:45  Marine x2  
  138  9:47  Marine  
  138  9:49  Marine  
  144  9:57  SCV x3  
  146  10:03  Marine  
  146  10:04  Marauder, Marine  
  149  10:07  Marine x4  
  153  10:16  Marine  
  154  10:21  Marine x2  
  156  10:30  Marine  
  156  10:31  Medivac  
  156  10:32  Medivac  
  156  10:33  Marine  
  162  10:36  Marine x2  
  164  10:45  Command Center  
  164  10:48  Marine  
  164  10:49  Marine  
  157  10:54  Marine x2  
  157  10:55  Marauder x2  
  163  10:58  Planetary Fortress  
  163  11:01  Medivac  
  165  11:04  SCV x2  
  165  11:05  SCV  
  165  11:08  Liberator  
  165  11:09  Starport Tech Lab  
  168  11:14  Fusion Core  
  168  11:16  SCV  
  168  11:17  Marauder x2, Ghost Academy  
  173  11:23  Drilling Claws  
  178  11:32  Marauder  
  178  11:38  Marauder  
  180  11:42  Marauder  
  148  11:50  Liberator x2  
  148  11:51  Liberator  
  126  11:54  Marauder  
  126  11:58  Marine x2  
  126  11:59  Marauder  
  112  12:04  Marauder  
  112  12:05  Orbital Command  
  120  12:15  Marauder  
  125  12:16  Marine x3  
  125  12:17  Missile Turret x2  
  125  12:20  Widow Mine x2  
  125  12:22  Widow Mine  
  134  12:35  SCV  
  137  12:39  Refinery  
  137  12:40  Refinery  
  137  12:41  Widow Mine x2  
  137  12:43  Widow Mine  
  142  12:55  Marine x2  
  123  13:02  Unknown  
Show
View Real Time Build Order
Export as new Build Order

KeilatKaatuu Zerg - Winner!

Build Orders: Hatch First 

Get SALT Encoding   

  12  0:00  Drone  
  13  0:12  Overlord  
  13  0:17  Drone  
  14  0:31  Drone x2  
  16  0:36  Drone  
  17  0:52  Hatchery  
  17  0:55  Drone  
  17  0:57  Drone  
  18  1:12  Spawning Pool  
  18  1:15  Drone  
  18  1:26  Drone  
  19  1:39  Hatchery  
  18  1:45  Overlord  
  18  1:59  Queen  
  18  2:00  Drone  
  21  2:06  Queen  
  23  2:10  Drone  
  23  2:14  Zergling x2  
  25  2:19  Drone  
  25  2:20  Drone  
  25  2:21  Drone  
  28  2:26  Drone  
  29  2:31  Drone  
  29  2:35  Queen  
  32  2:41  Overlord  
  32  2:48  Queen  
  32  2:50  Drone  
  35  2:52  Drone  
  35  2:55  Drone  
  38  2:58  Drone  
  38  2:59  Drone  
  39  3:10  Extractor  
  39  3:11  Extractor, Drone x4  
  41  3:19  Queen  
  43  3:22  Zergling x2  
  44  3:27  Overlord  
  44  3:28  Drone x3  
  44  3:33  Drone x2  
  49  3:34  Drone  
  50  3:46  Overlord  
  50  3:51  Drone x6  
  56  4:02  Spore Crawler, Drone  
  56  4:03  Metabolic Boost  
  56  4:05  Queen  
  56  4:07  Spore Crawler  
  56  4:09  Spore Crawler  
  56  4:14  Zergling x6  
  59  4:20  Drone  
  59  4:24  Overlord  
  62  4:31  Drone x6  
  66  4:41  Queen  
  66  4:42  Queen  
  70  4:51  Zergling x8  
  70  4:52  Overlord x2  
  74  4:55  Evolution Chamber  
  74  4:56  Evolution Chamber  
  74  4:58  Lair  
  72  5:00  Baneling Nest  
  68  5:17  Drone x2  
  68  5:18  Drone x9  
  77  5:27  Zerg Melee Weapons Level 1, Zerg Ground Armor Level 1  
  77  5:34  Drone x3  
  78  5:44  Extractor  
  78  5:45  Extractor, Drone x3  
  79  5:50  Extractor  
  79  5:51  Extractor  
  79  5:55  Hatchery  
  76  6:13  Overlord  
  76  6:14  Drone x5  
  81  6:19  Drone x2  
  81  6:20  Overlord x2  
  81  6:21  Infestation Pit, Drone x2  
  81  6:22  Drone  
  81  6:24  Drone x5  
  90  6:27  Centrifical Hooks  
  89  6:43  Drone x10  
  98  6:57  Hive  
  98  6:59  Overlord  
  98  7:01  Zergling x2  
  98  7:02  Zergling x20  
  98  7:06  Hatchery  
  106  7:17  Drone x4  
  106  7:18  Overlord x2, Extractor  
  106  7:19  Extractor  
  108  7:22  Baneling  
  108  7:23  Baneling x12  
  108  7:39  Overlord  
  108  7:40  Zergling x22  
  108  7:41  Zerg Ground Armor Level 2, Zerg Melee Weapons Level 2  
  119  7:51  Overlord, Drone  
  120  7:52  Zergling x6  
  120  7:53  Zergling x10  
  128  8:10  Adrenal Glands  
  128  8:11  Ultralisk Cavern  
  127  8:14  Overlord  
  127  8:15  Zergling x2  
  127  8:16  Zergling x18  
  137  8:20  Baneling  
  137  8:21  Baneling x3  
  119  8:49  Zergling x24  
  119  8:51  Zergling x2  
  119  8:52  Zergling x16  
  140  8:58  Zergling x4  
  140  8:59  Spire  
  140  9:01  Chitinous Plating  
  140  9:02  Ultralisk  
  146  9:21  Overlord x2  
  146  9:23  Zergling x28  
  154  9:34  Baneling x6  
  154  9:38  Overlord  
  154  9:39  Ultralisk x3  
  154  9:40  Ultralisk  
  166  9:49  Overlord  
  161  9:55  Hatchery  
  158  10:05  Overlord  
  158  10:07  Zerg Ground Armor Level 3, Zerg Melee Weapons Level 3  
  158  10:09  Overlord  
  158  10:10  Corruptor x3  
  158  10:11  Corruptor x3  
  158  10:14  Zerg Flyer Armor Level 1  
  170  10:16  Ultralisk  
  176  10:30  Overlord  
  176  10:31  Zergling x24  
  183  10:59  Ultralisk x2  
  195  11:07  Overlord  
  195  11:08  Zergling x8  
  152  11:48  Zergling x6, Ultralisk x5  
  152  11:49  Zergling x28  
  152  11:53  Zergling x4, Ultralisk  
  152  11:54  Zergling x6  
  183  12:21  Zergling x24  
  183  12:22  Zergling x6  
  198  12:31  Baneling x15  
  198  12:44  Hatchery  
Tags
 
Add a new tag
Caveats
  • Supply blocks, unpowered buildings, or Contaminate may cause inaccurate times.
  • Supply counts are checked every 10 seconds.